 Dungeon Crawl Stone Soup version 0.29.1-1-gd02db6906a (webtiles) character file.

Game seed: 3442582701444981214

23 dave1331 the Trooper (level 3, -3/33 HPs)
             Began as a Hill Orc Fighter on Oct 4, 2022.
             Slain by a goblin
             ... wielding a +0 club
             ... led by Robin
              (4 damage)
             ... on level 2 of the Dungeon.
             The game lasted 00:03:33 (1092 turns).

dave1331 the Trooper (Hill Orc Fighter)             Turns: 1092, Time: 00:03:33

Health: -3/33      AC: 10    Str: 17 (20) XL:     3   Next: 0%
Magic:  0/3        EV:  9    Int:  5 (8)  God:
Gold:   38         SH:  4    Dex:  7 (10) Spells: 2/2 levels left

rFire   . . .      SeeInvis .   a - +1 trident
rCold   . . .      Faith    .   c - +0 buckler
rNeg    . . .      Spirit   +   b - +0 scale mail
rPois   .          Reflect  .   (no helmet)
rElec   .          Harm     .   (no cloak)
rCorr   .          Rampage  .   o - +0 pair of gloves
Will    .....                   m - +1 pair of boots
Stlth   ..........              g - amulet of guardian spirit
HPRegen 0.11/turn               (no ring)
MPRegen 0.08/turn               (no ring)

@: no status effects
A: no striking features
a: no special abilities


You were on level 2 of the Dungeon.
You visited 1 branch of the dungeon, and saw 2 of its levels.

You collected 38 gold pieces.

Inventory:

Hand Weapons
 a - a +1 trident (weapon)
Armour
 b - a +0 scale mail (worn)
 c - a +0 buckler (worn)
 m - a +1 pair of boots (worn)
 o - a +0 pair of gloves (worn)
Jewellery
 g - an amulet of guardian spirit (around neck)
Scrolls
 e - a scroll of identify {unknown}
 f - a scroll of teleportation
Potions
 d - 2 potions of might
 l - a potion of brilliance


   Skills:
 + Level 4.1 Fighting
 + Level 2.5 Polearms
 + Level 3.5 Armour
 + Level 3.5 Shields


You had 2 spell levels left.
You didn't know any spells.
Your spell library was empty.

Dungeon Overview and Level Annotations

Branches:
Dungeon (2/15)

Altars:

Annotations:
D:2 Robin


Message History

The goblin barely misses you. The goblin hits you but does no damage.
The hobgoblin hits you.
* * * LOW HITPOINT WARNING * * *
The goblin hits you but does no damage. The goblin closely misses you.
The goblin hits you but does no damage. You block the hobgoblin's attack.
You puncture the goblin!
You kill the goblin!
The goblin no longer looks unusually strong.
The hobgoblin hits you.
* * * LOW HITPOINT WARNING * * *
The goblin hits you but does no damage. You block the goblin's attack.
You have reached level 3!
Your experience leads to an increase in your attributes!
Your base attributes are Str 18, Int 8, Dex 10.
Increase (S)trength, (I)ntelligence, or (D)exterity?
You feel stronger. x2
You barely miss the goblin.
The goblin no longer looks unusually strong.
The hobgoblin barely misses you. You block the goblin's attack.
The goblin barely misses you. The goblin closely misses you.
You closely miss the goblin.
The hobgoblin no longer looks unusually strong.
The hobgoblin hits you but does no damage.
An endoplasm comes into view.
The goblin barely misses you. The goblin misses you.
The goblin barely misses you.
You closely miss the goblin.
The endoplasm quivers.
The hobgoblin hits you but does no damage.
Robin roars a battlecry!
The goblins go into a battle-frenzy!
The goblin barely misses you. The goblin hits you but does no damage.
The goblin barely misses you. x2; You block the hobgoblin's attack.
You block the goblin's attack. The goblin hits you but does no damage.
You barely miss the goblin. The hobgoblin closely misses you.
Robin says, "Bow before me, strongest of all the hobgoblins!"
The goblin hits you with a +0 dagger.
* * * LOW HITPOINT WARNING * * *
The goblin hits you with a +0 club.
You die...

.# #.# #.# #.. #.# #.#
#.# #.# ...######.#
#.#### ...Jggg@g.###
#.##..
...####gg...######.##.#
..................##.#
..####.#.#.######.##.##
.....#.†...........
###.##########...†..
#.##########.##...
#.#..........##..#
#.#.########.##..#


You could see Robin, an endoplasm, 2 hobgoblins and 3 goblins.

Vanquished Creatures
  A dart slug (D:1)
  2 ball pythons
  2 endoplasms (D:1)
  2 giant cockroaches (D:2)
  7 goblins (D:2)
  A hobgoblin (D:1)
  2 frilled lizards (D:1)
  3 rats (D:1)
20 creatures vanquished.

Notes
Turn   | Place    | Note
-------+----------+-------------------------------------------
     0 | D:1      | dave1331 the Hill Orc Fighter began the quest for the Orb.
     0 | D:1      | Reached XP level 1. HP: 19/19 MP: 1/1
   172 | D:1      | Found a faded altar of an unknown god.
   305 | D:1      | Reached XP level 2. HP: 27/27 MP: 2/2
  1006 | D:2      | Reached skill level 4 in Fighting
  1076 | D:2      | Noticed Robin
  1089 | D:2      | Reached XP level 3. HP: 2/33 MP: 0/3
  1092 | D:2      | HP: 1/33 [goblin/+0 dagger[Robin] (2)]
  1092 | D:2      | Slain by a goblin

Illustrated notes

Levels and vault maps discovered:
D:1:      eino_arrival_cavern_b, layout_basic, basic_ecumenical_altar,
          minmay_pentomino_t4
D:2:      layout_loops_ring, basic_altar, uniq_robin

Skill      XL: |  1  2 |
---------------+-------+-----
Fighting       | 4 |  4.1
Polearms       | |  2.5
Armour         | |  3.5
Shields        | |  3.5

Action                   || total
-------------------------++-------
Melee: Trident           ||    53
  Use: Potion            ||     5
       Scroll            ||     3
Armor: Scale mail        ||    32
Dodge: Dodged            ||    45
Block: Buckler           ||    16
